 Dungeon Crawl Stone Soup version 0.22.1-1-ga44c0e5 (webtiles) character file.

89965 Fang the Severer (level 15, -21/103 HPs)
             Began as a Gargoyle Berserker on Oct 30, 2018.
             Was a High Priest of Trog.
             Blown up by an orb spider (43 damage)
             ... with an orb of destruction
             ... on level 1 of the Spider Nest on Oct 31, 2018.
             The game lasted 00:37:10 (25056 turns).

Fang the Severer (Gargoyle Berserker)              Turns: 25056, Time: 00:37:10

Health: -21/103    AC: 21    Str: 27    XL:     15   Next: 99%
Magic:  15/15      EV: 17    Int: 10    God:    Trog [*****.]
Gold:   2753       SH:  0    Dex: 17    Spells: 14/14 levels left

rFire    + . .     SeeInvis .   s - +1 hand axe "Laonab" {freeze, +Inv Int+3}
rCold    . . .     Gourm    .   (no shield)
rNeg     + . .     Faith    .   G - +0 acid dragon scales
rPois    ∞         Spirit   .   u - +1 hat
rElec    +         Reflect  .   (no cloak)
rCorr    +         Harm     .   (no gloves)
MR       +....                  (no boots)
Stlth    +++.......             P - amulet of Altruism {Regen+ Dex+4}
HPRegen  0.67/turn              L - +3 ring of dexterity
MPRegen  0.14/turn              r - ring of protection from fire

@: berserk cooldown, flying, slowed, studying Bows, very slow
A: big wings, horns 1, blurry vision 1, negative energy resistance 1, screaming
1, electricity resistance, wild magic 1, unbreathing, petrification resistance,
rot immunity, AC +11
a: Stop Flying, Berserk, Trog's Hand, Brothers in Arms, Renounce Religion, Evoke
Invisibility


You were on level 1 of the Spider Nest.
You worshipped Trog.
Trog was extremely pleased with you.
You were hungry.

You visited 7 branches of the dungeon, and saw 27 of its levels.

You collected 2753 gold pieces.

Inventory:

Hand Weapons
 i - a +5 war axe
 n - a +6 battleaxe of electrocution
 s - the +1 hand axe "Laonab" (weapon) {freeze, +Inv Int+3}
   (You found it on level 4 of the Dungeon)

   It has been specially enchanted to freeze those struck by it, causing extra
   injury to most foes and up to half again as much damage against particularly
   susceptible opponents.
   It can also slow down cold-blooded creatures.
   It affects your intelligence (+3).
   It lets you turn invisible.
 t - a +4 antimagic battleaxe
 K - a +0 executioner's axe of venom
 O - a +6 battleaxe of flaming
Armour
 g - a +2 plate armour
 o - +0 ice dragon scales
 u - a +1 hat (worn)
 C - +1 pearl dragon scales
 G - +0 acid dragon scales (worn)
Jewellery
 r - a ring of protection from fire (right hand)
 L - a +3 ring of dexterity (left hand)
 M - the amulet of Sisuklis {Inacc Int+5}
   (You found it on level 12 of the Dungeon)

   [amulet of inaccuracy]

   It reduces the accuracy of all your attacks.
   It affects your intelligence (+5).
 P - the amulet of Altruism (around neck) {Regen+ Dex+4}
   (You took it off a human on level 13 of the Dungeon)

   [amulet of regeneration]

   It affects your dexterity (+4).
   It increases your rate of regeneration.
Wands
 a - a wand of iceblast (23)
 k - a wand of disintegration (22)
 m - a wand of clouds (18)
 w - a wand of digging (22)
 y - a wand of polymorph (22)
 z - a wand of acid (16)
 D - a wand of flame (54)
 E - a wand of random effects (49)
 N - a wand of paralysis (9)
Scrolls
 d - 3 scrolls of remove curse
 e - 3 scrolls of fear
 f - 6 scrolls of teleportation
 l - 9 scrolls of identify
 x - 5 scrolls of blinking
 H - a scroll of magic mapping
 Q - a scroll of summoning
Potions
 b - 5 potions of curing
 h - 2 potions of lignification
 j - 3 potions of resistance
 p - 2 potions of magic
 q - 2 potions of might
 v - 3 potions of agility
 A - 3 potions of ambrosia
 B - 3 potions of haste
 F - a potion of brilliance
 J - a potion of berserk rage
Books
 I - a manual of Bows
Comestibles
 c - 44 rations


   Skills:
 + Level 15.5 Fighting
 + Level 16.2 Axes
 + Level 13.2 Armour
 + Level 7.4 Dodging
 + Level 6.2 Stealth
 + Level 1.1 Evocations


You had 14 spell levels left.
You didn't know any spells.
Your spell library was empty.

Dungeon Overview and Level Annotations

Branches:
Dungeon (15/15)            Temple (1/1) D:7            Lair (6/6) D:10
 Shoals (1/4) Lair:3       Spider (1/4) Lair:2        Slime (0/5) Lair:5
    Orc (2/2) D:11            Elf (0/3) Orc:2        Vaults (0/5) D:13
 Depths (1/5) D:15

Altars:
Fedhas
Kikubaaqudgha
Makhleb
Nemelex Xobeh
Okawaru
Sif Muna
Vehumet
Wu Jian
Zin
Jiyva

Shops:
D:10 !   Orc:2 =(*:


Innate Abilities, Weirdness & Mutations

You are resistant to torment.
Your stone body is resilient. (AC +11)
You are immune to poison.
Your large and strong wings let you fly indefinitely.
You resist negative energy. (rN+)
You are resistant to electric shocks. (rElec)
You can survive without breathing.
You are immune to petrification.
You are immune to rotting.
You have a pair of small horns on your head.
Scrolls take you a little longer to read.
You occasionally shout uncontrollably at your foes.
Your spells are a little harder to cast, but a little more powerful.


Message History

The jumping spider leaps!
An orb of destruction comes into view.
Your iron troll goes berserk!
You are feeling hungry.
The jumping spider leaps!
The orb spider begins to weave its threads into a brightly glowing ball.
The orb of destruction hits your iron troll.
The orb spider weaves a glowing orb of energy.
The orb spider bites your iron troll but does no damage.
An orb of destruction comes into view.
Unknown command.
The jumping spider leaps!
Your iron troll bites the orb spider!!!
The orb spider dies!
Trog accepts your kill.
Your iron troll bites the orb spider!!!
Your iron troll claws the orb spider!!
The orb spider dies!
Trog accepts your kill.
Unknown command.
The orb of destruction hits you!
You die...

....§....^....... ..#.#
.......#.....#.?(.## .....
...................#
.....#...#.#...#§†T....#..
.............[..§†.^......
.#............#s§.%.......
......#....^....§.........
.......##.##....§.#.......
#.#^.......#....@.........
....#..........#........#.
.........../..............
.......#............>.#...
.#^.......^....#..#......#
....##...##.#..........#
#..†...#.........#......
.<#..#...#.......#..#...
.#...#...........# ..


You could see a jumping spider and a friendly iron troll (berserk).

Vanquished Creatures
  Gastronok (D:10)
  An ettin (Depths:1)
  Harold (Orc:1)
  3 hydras
  A death knight (D:15)
  3 catoblepae (Lair:6)
  2 centaur warriors
  2 two-headed ogres (D:12)
  6 death yaks (Lair:6)
  A tengu warrior (D:13)
  Urug (D:13)
  3 orc high priests (Orc:2)
  9 skeletal warriors
  An unseen horror (shapeshifter) (D:15)
  4 unseen horrors
  4 swamp dragons (Lair:4)
  A flayed ghost (D:8)
  2 wizards (D:13)
  A glowing orange brain (D:15)
  A necromancer (D:13)
  The ghost of landosteak the Basher, a novice MiBe of Trog (D:5)
  A deep elf mage (D:13)
  Pikel (D:4)
  A phantasmal warrior (D:15)
  2 orc knights (Orc:1)
  A wolf spider (Spider:1)
  8 ugly things
  3 orc sorcerers
  3 manticores
  A cyclops (D:13)
  10 elephants
  2 black mambas
  Maurice (D:12)
  7 spiny frogs
  2 gargoyles
  4 centaur skeletons
  A yaktaur (shapeshifter) (D:15)
  A freezing wraith (D:15)
  A rime drake (Lair:6)
  2 demonic crawlers (Spider:1)
  5 komodo dragons
  2 efreet
  A jumping spider (Spider:1)
  A meliai (shapeshifter) (D:15)
  6 trolls
  A wind drake (shapeshifter) (D:15)
  Grinder (D:3)
  7 blink frogs
  10 slime creatures
  12 hippogriffs
  A redback (Spider:1)
  A centaur simulacrum (D:14)
  2 shadows
  2 water elementals (D:14)
  A tarantella (Spider:1)
  A wraith (D:11)
  65 yaks
  A vampire (D:10)
  8 wyverns
  4 basilisks
  5 humans (D:13)
  A hungry ghost (D:8)
  Menkaure (D:6)
  4 swamp worms (Lair:4)
  2 acid dragons
  11 water moccasins
  A swamp drake (Lair:4)
  7 ice beasts
  8 porcupines
  17 orc warriors
  A sky beast (D:8)
  A black bear (D:13)
  7 ogres
  3 phantoms
  4 slaves (D:4)
  39 wolves
  17 centaurs
  6 crocodiles
  4 big kobolds
  25 bullfrogs
  2 wyvern skeletons
  2 scorpions
  3 killer bees (D:7)
  A wight (D:9)
  4 crimson imps
  A bullfrog zombie (D:11)
  An electric eel (D:11)
  A howler monkey (D:3)
  3 centaur zombies
  6 hounds
  18 orc priests
  4 jellies
  33 orc wizards
  Jessica (D:3)
  4 bullfrog skeletons
  Ijyb (D:3)
  4 iguanas
  17 worker ants
  A hound zombie (D:5)
  4 hound skeletons
  A worker ant zombie (D:7)
  A howler monkey zombie (D:5)
  18 adders
  5 gnolls
  6 shadow imps
  2 oozes
  An adder zombie (D:6)
  2 adder skeletons
  4 worms
  2 dart slugs
  4 leopard geckos
  83 orcs
  4 ball pythons
  7 giant cockroaches
  8 goblins
  8 hobgoblins
  7 jackals
  4 quokkas
  6 bats
  4 frilled lizards
  A jackal skeleton (D:5)
  26 kobolds
  A leopard gecko skeleton (D:4)
  A quokka zombie (D:8)
  11 rats
  5 fungi
  9 plants
739 creatures vanquished.

Vanquished Creatures (collateral kills)
  2 vault guards (D:13)
  2 hydras
  An orc high priest (Orc:2)
  2 orb spiders (Spider:1)
  Joseph (D:9)
  2 yaks (Lair:1)
  15 humans (D:13)
  4 orc warriors (Orc:2)
  A sky beast (D:9)
  3 wights (D:9)
  A bullfrog zombie (D:11)
  6 orc priests
  5 orc wizards
  2 orcs (Orc:2)
47 creatures vanquished.

Vanquished Creatures (others)
  A water elemental (D:11)
  5 fungi
  9 plants
15 creatures vanquished.

Grand Total: 801 creatures vanquished

Notes
Turn   | Place    | Note
-------+----------+-------------------------------------------
     0 | D:1      | Fang the Gargoyle Berserker began the quest for the Orb.
     0 | D:1      | Reached XP level 1. HP: 14/14 MP: 1/1
   198 | D:1      | Reached skill level 3 in Axes
   198 | D:1      | Reached XP level 2. HP: 12/20 MP: 2/2
   645 | D:2      | Reached XP level 3. HP: 24/24 MP: 3/3
   727 | D:2      | Reached ** piety under Trog
  1071 | D:2      | Reached XP level 4. HP: 29/29 MP: 4/4
  1735 | D:3      | Noticed Grinder
  1744 | D:3      | Paralysed by Grinder for 4 turns
  1749 | D:3      | Reached skill level 4 in Axes
  1752 | D:3      | Paralysed by Grinder for 2 turns
  1761 | D:3      | Killed Grinder
  1761 | D:3      | Reached skill level 5 in Axes
  1761 | D:3      | Reached XP level 5. HP: 16/34 MP: 5/5
  1761 | D:3      | Reached XP level 6. HP: 19/39 MP: 6/6
  1765 | D:3      | Noticed Ijyb
  1965 | D:3      | Killed Ijyb
  2000 | D:3      | Reached *** piety under Trog
  2001 | D:3      | Noticed Jessica
  2008 | D:3      | Killed Jessica
  2214 | D:3      | Found a sparkling altar of Nemelex Xobeh.
  2638 | D:4      | Reached XP level 7. HP: 33/44 MP: 7/7
  2734 | D:4      | Noticed Pikel
  2749 | D:4      | Killed Pikel
  2749 | D:4      | Reached skill level 5 in Fighting
  2749 | D:4      | Reached skill level 6 in Axes
  2749 | D:4      | Reached XP level 8. HP: 49/49 MP: 8/8
  2878 | D:4      | Found an ancient bone altar of Kikubaaqudgha.
  2901 | D:4      | Got an ancient hand axe
  2902 | D:4      | Identified the cursed +1 hand axe "Laonab" {freeze, +Inv
                  | Int+3} (You found it on level 4 of the Dungeon)
  3177 | D:4      | Reached skill level 1 in Stealth
  3183 | D:4      | Reached skill level 7 in Axes
  3361 | D:4      | Reached skill level 5 in Armour
  3653 | D:5      | Entered Level 5 of the Dungeon
  3653 | D:5      | Found a runed gate.
  3653 | D:5      | Found a runed gate.
  3653 | D:5      | Found a runed gate.
  3689 | D:5      | Noticed landosteak's ghost (novice MiBe)
  3796 | D:5      | Reached **** piety under Trog
  4100 | D:5      | Reached skill level 8 in Axes
  4245 | D:5      | Reached XP level 9. HP: 50/55 MP: 9/9
  4350 | D:5      | Found a burning altar of Makhleb.
  4350 | D:5      | Found an iron altar of Okawaru.
  4490 | D:5      | Killed landosteak's ghost
  4874 | D:6      | Found an ornate altar of the Wu Jian Council.
  5265 | D:6      | Reached skill level 9 in Axes
  5383 | D:6      | Noticed Menkaure
  5392 | D:6      | Killed Menkaure
  5783 | D:7      | Found a staircase to the Ecumenical Temple.
  5787 | D:7      | Reached ***** piety under Trog
  5803 | Temple   | Entered the Ecumenical Temple
  6107 | D:7      | Found a blossoming altar of Fedhas.
  6107 | D:7      | Found a glowing silver altar of Zin.
  6186 | D:7      | Reached skill level 10 in Axes
  6186 | D:7      | Reached XP level 10. HP: 58/63 MP: 10/10
  7682 | D:8      | Noticed a flayed ghost
  7713 | D:8      | Killed a flayed ghost
  7873 | D:9      | Reached skill level 11 in Axes
  7882 | D:9      | Noticed Joseph
  7901 | D:9      | Killed Joseph
  8355 | D:9      | Gained mutation: Armour fits poorly on your strangely
                  | shaped body. [potion of mutation]
  8355 | D:9      | Gained mutation: Your flesh is cold resistant. (rC+)
                  | [potion of mutation]
  8356 | D:9      | Lost mutation: Your flesh is cold resistant. (rC+) [potion
                  | of mutation]
  8356 | D:9      | Lost mutation: Armour fits poorly on your strangely shaped
                  | body. [potion of mutation]
  8356 | D:9      | Gained mutation: Scrolls take you a little longer to read.
                  | [potion of mutation]
  8356 | D:9      | Gained mutation: You occasionally shout uncontrollably at
                  | your foes. [potion of mutation]
  8356 | D:9      | Gained mutation: You have a pair of small horns on your
                  | head. [potion of mutation]
  8356 | D:9      | Gained mutation: Your spells are a little harder to cast,
                  | but a little more powerful. [potion of mutation]
  8510 | D:9      | Received a gift from Trog
  8650 | D:10     | Entered Level 10 of the Dungeon
  8666 | D:10     | Found a staircase to the Lair.
  8780 | D:10     | Noticed Gastronok
  8797 | D:10     | Killed Gastronok
  8797 | D:10     | Reached XP level 11. HP: 38/69 MP: 3/11
  9013 | D:10     | Found Nyifu's Distillery.
  9363 | D:10     | Reached skill level 12 in Axes
 10063 | D:11     | Noticed a brown ugly thing
 10072 | D:11     | Killed a brown ugly thing
 10315 | D:11     | Found a staircase to the Orcish Mines.
 10856 | D:12     | Noticed a skeletal warrior
 10856 | D:12     | Noticed a skeletal warrior
 10856 | D:12     | Noticed a skeletal warrior
 10860 | D:12     | Noticed a skeletal warrior
 10863 | D:12     | Killed a skeletal warrior
 10872 | D:12     | Killed a skeletal warrior
 10883 | D:12     | Killed a skeletal warrior
 10886 | D:12     | Killed a skeletal warrior
 10886 | D:12     | Reached skill level 13 in Axes
 11005 | Lair:1   | Entered Level 1 of the Lair of Beasts
 11105 | Lair:1   | Noticed a five-headed hydra
 11109 | Lair:1   | Reached XP level 12. HP: 61/77 MP: 4/12
 11120 | Lair:1   | Killed a five-headed hydra
 11610 | Lair:1   | Reached skill level 10 in Fighting
 12385 | Lair:2   | Found a hole to the Spider Nest.
 12520 | Lair:2   | Reached skill level 14 in Axes
 12841 | Lair:3   | Received a gift from Trog
 12853 | Lair:3   | Reached skill level 10 in Armour
 13049 | Lair:3   | Noticed a five-headed hydra
 13054 | Lair:3   | Killed a seven-headed hydra
 13054 | Lair:3   | Reached XP level 13. HP: 84/84 MP: 13/13
 13159 | Lair:3   | Found a deep blue altar of Sif Muna.
 13217 | Lair:3   | Found a staircase to the Shoals.
 13845 | Shoals:1 | Entered Level 1 of the Shoals
 15069 | Lair:5   | Found a viscous altar of Jiyva.
 15070 | Lair:5   | Found a staircase to the Slime Pits.
 15349 | Lair:5   | Reached skill level 5 in Dodging
 15382 | Lair:5   | Reached skill level 15 in Axes
 15730 | Lair:6   | Entered Level 6 of the Lair of Beasts
 16342 | Lair:6   | Received a gift from Trog
 16343 | Lair:6   | Gained mutation: Your large and strong wings let you fly
                  | indefinitely. [Gargoyle growth]
 16343 | Lair:6   | Reached XP level 14. HP: 92/92 MP: 14/14
 17259 | Lair:6   | Identified a scroll of acquirement
 17495 | D:12     | Reached skill level 5 in Stealth
 17495 | D:12     | Reached skill level 1 in Evocations
 17918 | D:12     | Noticed Maurice
 17935 | D:12     | Killed Maurice
 17966 | D:12     | Got a translucent ruby amulet
 17968 | D:12     | Identified the amulet of Sisuklis {Inacc Int+5} (You found
                  | it on level 12 of the Dungeon)
 18378 | D:13     | Received a gift from Trog
 18430 | D:13     | Received a gift from Trog
 18769 | D:13     | Got a sparkling iron amulet
 19331 | D:13     | Identified the amulet of Altruism {Regen+ Dex+4} (You took
                  | it off a human on level 13 of the Dungeon)
 19332 | D:13     | Found a sparkling altar of Nemelex Xobeh.
 19364 | D:13     | Noticed Urug
 19381 | D:13     | Killed Urug
 19494 | D:13     | Received a gift from Trog
 19497 | D:13     | Reached XP level 15. HP: 90/101 MP: 15/15
 20369 | D:13     | Found a gate to the Vaults.
 21060 | D:15     | Entered Level 15 of the Dungeon
 21708 | D:15     | Reached skill level 15 in Fighting
 21709 | D:15     | Received a gift from Trog
 22540 | D:15     | Reached skill level 16 in Axes
 22564 | D:15     | Found a staircase to the Depths.
 22627 | Depths:1 | Entered Level 1 of the Depths
 22812 | Orc:1    | Entered Level 1 of the Orcish Mines
 22836 | Orc:1    | Found a dark tunnel.
 23166 | Orc:1    | Noticed Harold
 23188 | Orc:1    | Killed Harold
 23524 | Orc:2    | Entered Level 2 of the Orcish Mines
 23741 | Orc:2    | Received a gift from Trog
 23970 | Orc:2    | Found Wuokk's General Store.
 23970 | Orc:2    | Found Pusibyej's Book Shoppe.
 23970 | Orc:2    | Found Jeexzian's Weapon Emporium.
 23989 | Orc:2    | Found Xono's Jewellery Emporium.
 24223 | Orc:2    | Paralysed by an orc sorcerer for 3 turns
 24493 | Orc:2    | Found a staircase to the Elven Halls.
 24540 | Orc:2    | Found a radiant altar of Vehumet.
 24801 | Orc:2    | Received a gift from Trog
 24953 | Spider:1 | Entered Level 1 of the Spider Nest
 25056 | Spider:1 | Blown up by an orb spider

Skill      XL: |  1  2  3  4  5  6  7  8  9 10 11 12 13 14 15 |
---------------+----------------------------------------------+-----
Axes           | 3 5 6 8 10 11 13 14 15 16 | 16.2
Fighting       | 4 5 6 7 8 9 11 12 14 15 | 15.5
Armour         | 3 4 5 7 8 9 10 11 12 13 | 13.2
Dodging        | 2 3 5 6 7 |  7.4
Stealth        | 1 2 3 5 6 |  6.2
Evocations     | 1 |  1.1

Action                   |  1- 3 |  4- 6 |  7- 9 | 10-12 | 13-15 || total
-------------------------+-------+-------+-------+-------+-------++-------
Melee: Hand axe          |    88 |   175 |   420 |   379 |  1618 ||  2680
       Broad axe         |       |       |       |   301 |       ||   301
       Headbutt          |       |       |       |    85 |   490 ||   575
       Battleaxe         |       |       |       |       |    42 ||    42
Invok: Berserk           |     1 |     2 |     3 |     5 |    18 ||    29
       Brothers in Arms  |       |       |       |     4 |     8 ||    12
 Abil: Evoke Invisibilit |       |       |     1 |       |     1 ||     2
       Fly               |       |       |       |       |     1 ||     1
  Use: Scroll            |       |       |       |    28 |    14 ||    42
       Potion            |       |       |       |     2 |     5 ||     7
 Stab: Invisible         |       |       |     2 |       |     8 ||    10
       Petrified         |       |       |       |       |     4 ||     4
       Petrifying        |       |       |       |       |     1 ||     1
       Distracted        |       |       |       |       |     2 ||     2
       Sleeping          |       |       |       |       |     1 ||     1
  Eat: Chunk             |     2 |     6 |    15 |    29 |    39 ||    91
       Ration            |       |       |       |       |     6 ||     6
Armor: Plate armour      |    83 |   159 |   281 |   149 |       ||   672
       Ice dragon scales |       |       |       |   297 |   955 ||  1252
       Acid dragon scale |       |       |       |       |   157 ||   157
Dodge: Dodged            |    36 |    58 |   158 |   310 |   784 ||  1346
